 Dungeon Crawl Stone Soup version 0.26-a0-504-g0cf647090d (webtiles) character file.

Game seed: 14312493450716295712

203 KristoblXynda the Ducker (level 5, -3/41 HPs)
             Began as a Vampire Gladiator on Aug 8, 2020.
             Slain by Sigmund
             ... wielding a +0 scythe
              (6 damage)
             ... on level 3 of the Dungeon.
             The game lasted 00:02:56 (1418 turns).

KristoblXynda the Ducker (Vampire Gladiator)        Turns: 1418, Time: 00:02:56

Health: -3/41      AC:  7    Str: 14    XL:     5   Next: 51%
Magic:  5/5        EV: 17    Int: 10    God:
Gold:   52         SH:  0    Dex: 16    Spells: 4/4 levels left

rFire    . . .     SeeInvis +   r - +1 dagger (venom)
rCold    . . .     Faith    .   (no shield)
rNeg     . . .     Spirit   .   i - +0 ring mail
rPois    .         Reflect  .   c - +0 helmet
rElec    .         Harm     .   n - +0 cloak
rCorr    .                      (no gloves)
MR       .....                  (no boots)
Stlth    ++........             (no amulet)
HPRegen  0.33/turn              m - +4 ring of evasion
MPRegen  0.09/turn              (no ring)

@: brilliant, regenerating quickly
A: fangs 3, see invisible, unbreathing
a: Exsanguinate


You were on level 3 of the Dungeon.
You visited 1 branch of the dungeon, and saw 4 of its levels.

You collected 52 gold pieces.

Inventory:

Hand Weapons
 a - a +0 long sword
 r - a +1 dagger of venom (weapon)
Missiles
 d - 2 throwing nets (quivered)
Armour
 c - a +0 helmet (worn)
 i - a +0 ring mail (worn)
 n - a +0 cloak (worn)
Jewellery
 m - a +4 ring of evasion (left hand)
Scrolls
 b - a scroll of fog {unknown}
 e - a scroll of random uselessness {unknown}
 h - 2 scrolls of teleportation {unknown}
 j - 2 scrolls of identify {unknown}
 k - 2 scrolls of remove curse {unknown}
 l - a scroll of magic mapping {unknown}
 o - a scroll of enchant armour {unknown}
 p - a scroll of noise {unknown}
 s - a scroll of immolation {unknown}
Potions
 f - a potion of curing {unknown}
 g - a potion of ambrosia {unknown}
 q - a potion of might {unknown}
 t - a potion of brilliance


   Skills:
 - Level 3.0 Fighting
 + Level 4.0 Long Blades
 - Level 2.0 Throwing
 + Level 0.0 Armour
 + Level 4.5 Dodging
 + Level 3.2 Stealth


You had 4 spell levels left.
You didn't know any spells.
Your spell library was empty.

Dungeon Overview and Level Annotations

Branches:
Dungeon (4/15)
 Temple: D:4-7

Altars:

Annotations:
D:3 Sigmund
D:4 Eustachio


Innate Abilities, Weirdness & Mutations

Your natural rate of healing is unusually fast.
You have razor-sharp teeth.
You have supernaturally acute eyesight. (SInv)
You can survive without breathing.


Message History

It was a potion of brilliance.
You feel clever all of a sudden. Sigmund closely misses you.
You bump into the rock wall.
Sigmund misses you.
You bump into the rock wall.
Sigmund breathes a few words.
Sigmund's hands start flickering wildly.
Sigmund hits you but does no damage. Sigmund hits you with a +0 scythe.
* * * LOW HITPOINT WARNING * * *
You bump into the rock wall.
You feel less confused.
You barely miss Sigmund. Sigmund gestures at you while chanting.
The puff of flame hits you!
* * * LOW HITPOINT WARNING * * *
You hit Sigmund. You bite Sigmund, but do no damage.
Sigmund is lightly wounded.
Sigmund hits you with a +0 scythe.
You die...

##.########.≈ #.#####...#
. #...))).#.# #######)..#
#...# #### ##@..## # ..(#
##.#...##. ##.##
#@##......# ....#######
##@##..#### ...†.>))..#
##.#.## ##..#####.###
##..## #...........# #...#
....#####.#.# #...# ..>.##
#.#.# #...# .....#
#.#.######...#### ..##.#
#.#.##...).......#
..##.####.#...............


You could see Sigmund.

Vanquished Creatures
  An ogre (D:4)
  Robin (D:3)
  A gnoll (D:1)
  2 adders
  A worm (D:2)
  4 dart slugs
  7 orcs (D:3)
  11 bats
  2 giant cockroaches
  10 goblins
  9 hobgoblins
  8 kobolds
  A ball python skeleton (D:4)
  2 frilled lizards
  4 rats
64 creatures vanquished.

Notes
Turn   | Place    | Note
-------+----------+-------------------------------------------
     0 | D:1      | KristoblXynda the Vampire Gladiator began the quest for the
                  | Orb.
     0 | D:1      | Reached XP level 1. HP: 16/16 MP: 1/1
   202 | D:1      | Reached XP level 2. HP: 22/22 MP: 2/2
   444 | D:1      | Reached XP level 3. HP: 25/27 MP: 3/3
   945 | D:2      | Reached skill level 1 in Stealth
  1009 | D:2      | You fall into a shaft and drop 2 floors!
  1012 | D:4      | Noticed an ogre
  1023 | D:4      | Killed an ogre
  1023 | D:4      | Reached XP level 4. HP: 13/34 MP: 4/4
  1023 | D:4      | Reached XP level 5. HP: 16/40 MP: 5/5
  1135 | D:4      | Noticed Eustachio
  1342 | D:3      | Noticed Robin
  1380 | D:3      | Killed Robin
  1382 | D:3      | Noticed Sigmund
  1417 | D:3      | HP: 2/41 [Sigmund/puff of flame (7)]
  1418 | D:3      | Slain by Sigmund

Illustrated notes

Levels and vault maps discovered:
D:1:      dpeg_arrival_castle, layout_loops_ring
D:2:      layout_basic
D:3:      layout_loops_cross, lemuel_doored_altar, lemuel_altar_in_water,
          uniq_jessica, uniq_robin, uniq_sigmund
D:4:      layout_loops_ring, serial_rivers, chequers_serial_rivers_small_b,
          chequers_serial_rivers_micro_a, chequers_serial_rivers_micro_e,
          chequers_serial_rivers_large_b, uniq_eustachio

Skill      XL: |  1  2  3  4  5 |
---------------+----------------+-----
Fighting       | 2 3 |  3.0
Throwing       | 2 |  2.0
Stealth        | 2 3 |  3.2
Dodging        | 4 |  4.5
Long Blades    | 4 |  4.0

Action                   |  1- 3 |  4- 6 || total
-------------------------+-------+-------++-------
Melee: Long sword        |    93 |    35 ||   128
       Bite              |    11 |    11 ||    22
       Dagger            |       |    60 ||    60
Throw: Throwing net      |     3 |       ||     3
  Use: Potion            |       |     1 ||     1
 Stab: Sleeping          |     1 |       ||     1
       Held in net/web   |     3 |       ||     3
Armor: Leather armour    |     6 |       ||     6
       Ring mail         |    23 |    15 ||    38
Dodge: Dodged            |    73 |    81 ||   154
       Rpst.: Long sword |    23 |    14 ||    37

Table legend: (Time is in decaauts)
 A = Elapsed time spent in this place.
 B = Non-inter-level travel time spent in this place.
 C = Inter-level travel time spent in this place.
 D = Time resting spent in this place.
 E = Time spent auto-exploring this place.
 F = Levels seen in this place.
 G = Mean time per level.
                   A        B        C        D        E       F      G
               +--------+--------+--------+--------+--------+-----+--------+
         Total |   1444 |   1370 |     74 |    169 |    707 |   4 |  361.0 |
       Dungeon |   1444 |   1370 |     74 |    169 |    707 |   4 |  361.0 |
               +--------+--------+--------+--------+--------+-----+--------+

Top non-repeatable levels by time:
     D:1: 908 daAuts
     D:3: 246 daAuts
     D:4: 162 daAuts
     D:2: 128 daAuts
